 Dungeon Crawl Stone Soup version 0.29-a0-472-ge5599a681e (webtiles) character file.

Game seed: 10694732576469884699

581 dabmancer the Magician (level 7, -1/32 HPs)
             Began as a Spriggan Hedge Wizard on May 22, 2022.
             Shot with an arrow by a centaur (9 damage)
             ... on level 5 of the Dungeon.
             The game lasted 00:42:18 (9404 turns).

dabmancer the Magician (Spriggan Hedge Wizard)      Turns: 9404, Time: 00:42:19

Health: -1/32      AC:  2    Str:  6    XL:     7   Next: 13%
Magic:  14/18      EV: 18    Int: 18    God:
Gold:   242        SH:  5    Dex: 14    Spells: 4/20 levels left

rFire   . . .      SeeInvis +   C - +0 hand axe
rCold   . . .      Faith    .   (no shield)
rNeg    . . .      Spirit   .   b - +0 robe
rPois   .          Reflect  +   c - +0 hat
rElec   .          Harm     .   (no cloak)
rCorr   .          Rampage  .   (gloves unavailable)
Will    +....                   (boots unavailable)
Stlth   ++........              q - amulet of reflection
HPRegen 0.10/turn               (no ring)
MPRegen 0.16/turn               (no ring)

@: very quick
A: very small, no large weapons, unfitting armour, see invisible, speed 3
a: no special abilities


You were on level 5 of the Dungeon.
You visited 1 branch of the dungeon, and saw 5 of its levels.

You collected 242 gold pieces.

Inventory:

Hand Weapons
 a - a +0 dagger
 i - a +0 mace
 o - a +0 mace
 C - a +0 hand axe (weapon)
Missiles
 f - 86 stones
 H - 6 poisoned darts
Armour
 b - a +0 robe (worn)
 c - a +0 hat (worn)
 l - a +0 robe
 n - a +0 plate armour
Magical Staves
 I - a staff of fire
Jewellery
 g - an amulet of guardian spirit
 q - an amulet of reflection (around neck)
Scrolls
 j - 2 scrolls of immolation {unknown}
 k - 4 scrolls of teleportation {unknown}
 r - a scroll of fog {unknown}
 s - 6 scrolls of identify {unknown}
 t - 4 scrolls of noise {unknown}
 u - a scroll of amnesia {unknown}
 w - 2 scrolls of enchant weapon {unknown}
 y - 3 scrolls of enchant armour {unknown}
 z - 2 scrolls of vulnerability {unknown}
 A - a scroll of blinking {unknown}
 B - a scroll of silence {unknown}
 J - a scroll of magic mapping {unknown}
Potions
 d - 3 potions of magic
 e - 2 potions of flight {unknown}
 h - a potion of invisibility {unknown}
 m - a potion of heal wounds
 p - a potion of haste {unknown}
 v - 2 potions of curing {unknown}
 x - 2 potions of ambrosia {unknown}
 D - a potion of brilliance {unknown}
 E - a potion of might {unknown}
 F - a potion of resistance {unknown}
 G - a potion of degeneration {unknown}


   Skills:
 - Level 0.2 Throwing
 + Level 4.0 Dodging
 + Level 3.7 Stealth
 + Level 0.2 Shields
 + Level 7.1 Spellcasting
 + Level 2.9 Conjurations
 + Level 1.3 Summonings
 + Level 2.2 Translocations
 + Level 1.9 Earth Magic


You had 4 spell levels left.
You knew the following spells:

 Your Spells              Type           Power      Damage    Failure   Level
a - Magic Dart            Conj           64%        1d6       3%          1
b - Blink                 Tloc           28%        N/A       6%          2
c - Call Imp              Summ           11%        N/A       10%         2
d - Slow                  Hex            24%        N/A       11%         1
e - Conjure Flame         Conj/Fire      11%        6-21      17%         3
f - Stone Arrow           Conj/Erth      30%        3d8       12%         3
g - Summon Guardian Gole  Hex/Summ       8%         N/A       24%         3
n - Sandblast             Erth           26%        2d8       4%          1

Your spell library contained the following spells:

 Spells                   Type           Power      Damage    Failure   Level
 Passwall                 Tmut/Erth      7%         N/A       11%         2
 Mephitic Cloud           Conj/Pois/Air  9%         N/A       22%         3
 Frozen Ramparts          Ice            12%        1d3       32%         3
 Ignite Poison            Fire/Tmut/Pois 6%         N/A       32%         3
 Animate Armour           Summ/Erth      24%        N/A       50%         4
 Summon Ice Beast         Ice/Summ       8%         N/A       63%         4
 Ice Form                 Ice/Tmut       6%         N/A       71%         4
 Freezing Cloud           Conj/Ice/Air   4%         6-21      89%         5
 Orb of Destruction       Conj           8%         9d6       100%        7
 Spellforged Servitor     Conj/Summ      7%         N/A       100%        7
 Lehudib's Crystal Spear  Conj/Erth      7%         10d3      100%        8


Dungeon Overview and Level Annotations

Branches:
Dungeon (5/15)
 Temple: D:4-7

Altars:
Elyvilon


Innate Abilities, Weirdness & Mutations

You are very small and have problems with some larger weapons.
You are too small for most types of armour.
You have supernaturally acute eyesight. (SInv)
You cover ground extremely quickly. (Speed+++)


Message History

The arrow hits your white imp.
You climb upwards.
There is a stone staircase leading down here.
You start resting.
Magic restored.
You start resting.
HP restored.
You climb downwards.
The centaur shoots an arrow.
The arrow completely misses you.
The centaur shoots an arrow.
The arrow hits you!
There is a stone staircase leading up, spattered with blood here.
Casting: Magic Dart (safe; 3% risk of failure)
Confirm with . or Enter, or press ? or * to list all spells.
A metallic apparition takes form in the air.
The centaur shoots an arrow.
The arrow misses you.
The magic dart hits the centaur.
The centaur is moderately wounded.
The centaur shoots an arrow.
The arrow barely misses you.
The centaur shoots an arrow.
The arrow hits you.
Casting: Magic Dart (safe; 3% risk of failure)
Confirm with . or Enter, or press ? or * to list all spells.
Aiming: Sandblast (safe; 4% risk of failure)
Press: ? - help, Shift-Dir - straight line, f/p - centaur
Aim: a centaur, wielding a +0 shortbow (moderately wounded, ally target, 87% to hit)
The blast of sand hits the centaur.
The centaur is heavily wounded.
f - 86 stones The centaur shoots an arrow.
You reflect the arrow off an invisible shield around you!
The arrow hits the centaur!
The centaur shoots an arrow.
The arrow barely misses your iron imp. The arrow hits you!
* * * LOW HITPOINT WARNING * * *
Your iron imp closely misses the centaur.
The centaur unwields a +0 shortbow.
The centaur hits your iron imp.
The centaur kicks your iron imp but does no damage.
The centaur wields a +0 shortbow.
The centaur shoots an arrow.
The arrow completely misses your iron imp.
The arrow hits you!
You die...

.. #............#...######...
...#............###..รท.......
#..............##...<.......
#.#.........###...#.........
#.#.......[...c....#.......#
$...........c...###......#...
..##........5#### #....#.....
#.........# ##..#....#.
##........@# ##...#...#
#..........# !..#..#..
#......##### #)# #. .#
#..)...# #.# ## ########


You could see a centaur (ally target) and a friendly iron imp (summoned).

Vanquished Creatures
  A bullfrog (D:4)
  A scorpion (D:4)
  2 hounds (D:4)
  A jelly (D:4)
  3 orc wizards
  2 iguanas
  5 adders
  2 ufetubi (D:4)
  3 worms
  12 dart slugs
  6 orcs
  4 ball pythons
  3 bats
  4 endoplasms
  A giant cockroach (D:1)
  6 hobgoblins
  2 jackals (D:1)
  2 quokkas
  4 frilled lizards (D:3)
  6 goblins
  5 kobolds
  4 rats
79 creatures vanquished.

Vanquished Creatures (collateral kills)
  2 hounds (D:4)
  An iguana (D:4)
  An adder (D:5)
4 creatures vanquished.

Vanquished Creatures (others)
  4 plants (D:2)
4 creatures vanquished.

Grand Total: 87 creatures vanquished

Notes
Turn   | Place    | Note
-------+----------+-------------------------------------------
     0 | D:1      | dabmancer the Spriggan Hedge Wizard began the quest for the
                  | Orb.
     0 | D:1      | Reached XP level 1. HP: 9/9 MP: 6/6
   325 | D:1      | Learned a level 1 spell: Sandblast
   403 | D:1      | Reached XP level 2. HP: 13/13 MP: 0/8
   634 | D:1      | Reached skill level 1 in Conjurations
  1196 | D:2      | Learned a level 2 spell: Blink
  1199 | D:2      | Learned a level 2 spell: Call Imp
  1201 | D:2      | Learned a level 1 spell: Slow
  1242 | D:2      | Reached XP level 3. HP: 14/16 MP: 0/10
  1502 | D:2      | Found a white marble altar of Elyvilon.
  1988 | D:2      | Found a faded altar of an unknown god.
  2375 | D:3      | Reached skill level 5 in Spellcasting
  2672 | D:3      | Reached XP level 4. HP: 21/21 MP: 2/12
  4255 | D:4      | Reached skill level 1 in Earth Magic
  4325 | D:4      | Reached XP level 5. HP: 24/24 MP: 8/14
  4694 | D:4      | Reached skill level 6 in Spellcasting
  5429 | D:4      | Reached XP level 6. HP: 18/28 MP: 12/16
  5778 | D:5      | Entered Level 5 of the Dungeon
  6491 | D:4      | Upgraded the game from 0.29-a0-468-ge57f7f99b4 to
                  | 0.29-a0-472-ge5599a681e
  7118 | D:5      | Noticed an acid dragon
  7731 | D:4      | Reached skill level 1 in Summonings
  8160 | D:4      | Reached skill level 7 in Spellcasting
  8160 | D:4      | Reached XP level 7. HP: 32/32 MP: 13/18
  8870 | D:4      | Learned a level 3 spell: Conjure Flame
  8874 | D:4      | Learned a level 3 spell: Stone Arrow
  8878 | D:4      | Learned a level 3 spell: Summon Guardian Golem
  9404 | D:5      | Shot with an arrow by a centaur

Illustrated notes

Levels and vault maps discovered:
D:1:      dpeg_arrival_pits, layout_rooms
D:2:      layout_basic, hellmonk_ecumenical_altar_arch_garden, basic_altar,
          serial_forest, infiniplex_forest_clump_curved,
          infiniplex_forest_clump_cross, infiniplex_forest_end_3,
          infiniplex_forest_end_double, infiniplex_forest_corner_1,
          infiniplex_forest_end_double, infiniplex_forest_clump_medium
D:3:      minmay_door_path, layout_loops_ring
D:4:      kennysheep_slugbush, layout_basic
D:5:      layout_rooms, slow_altar_2, minmay_misc_feat_rows,
          minmay_increasing_density

Skill      XL: |  1  2  3  4  5  6 |
---------------+-------------------+-----
Dodging        | 3 4 |  4.0
Conjurations   | 1 2 |  2.9
Translocations | 2 |  2.2
Spellcasting   | 5 6 7 |  7.1
Earth Magic    | 1 |  1.9
Summonings     | 1 |  1.3
Throwing       | |  0.2
Stealth        | |  3.7
Shields        | |  0.2

Action                   |  1- 3 |  4- 6 |  7- 9 || total
-------------------------+-------+-------+-------++-------
Melee: Dagger            |    19 |       |       ||    19
       Punch             |     1 |       |       ||     1
       Mace              |    18 |    13 |       ||    31
       Hand axe          |       |    10 |       ||    10
Throw: Stone             |    22 |       |       ||    22
 Cast: Magic Dart        |    94 |   195 |    11 ||   300
       Sandblast         |    24 |    36 |     2 ||    62
       Slow              |     3 |       |       ||     3
       Blink             |     1 |     4 |       ||     5
       Call Imp          |       |    12 |     3 ||    15
       Summon Guardian G |       |       |     1 ||     1
  Use: Potion            |       |     4 |       ||     4
Armor: Robe              |     4 |     9 |       ||    13
Dodge: Dodged            |    75 |    84 |     6 ||   165
Block: Other             |       |    21 |     3 ||    24
       Reflection        |       |     6 |     3 ||     9

Table legend: (Time is in decaauts)
 A = Elapsed time spent in this place.
 B = Non-inter-level travel time spent in this place.
 C = Inter-level travel time spent in this place.
 D = Time resting spent in this place.
 E = Time spent auto-exploring this place.
 F = Levels seen in this place.
 G = Mean time per level.
                   A        B        C        D        E       F      G
               +--------+--------+--------+--------+--------+-----+--------+
         Total |   8009 |   7775 |    234 |   3381 |   3041 |   5 | 1601.8 |
       Dungeon |   8009 |   7775 |    234 |   3381 |   3041 |   5 | 1601.8 |
               +--------+--------+--------+--------+--------+-----+--------+

Top non-repeatable levels by time:
     D:4: 4684 daAuts
     D:3: 1382 daAuts
     D:1: 935 daAuts
     D:2: 826 daAuts
     D:5: 181 daAuts
